 Dungeon Crawl Stone Soup version 0.20.1-1-g8b1a95d (webtiles) character file.

1591 tidbits the Insei (level 8, -7/66 HPs)
             Began as a Demigod Transmuter on Aug 20, 2017.
             Killed by divine providence
             ... invoked by an orc priest
              (10 damage)
             ... on level 7 of the Dungeon.
             The game lasted 00:29:39 (2908 turns).

tidbits the Insei (Demigod Transmuter)              Turns: 2908, Time: 00:29:39

Health: -7/66      AC:  2    Str: 13    XL:     8   Next: 35%
Magic:  7/16       EV: 29    Int: 21    God:
Gold:   265        SH:  6    Dex: 21    Spells: 7/13 levels left

rFire    + . .     SeeInvis .     - Unarmed
rCold    . . .     Gourm    .   (shield currently unavailable)
rNeg     . . .     Faith    .   (armour currently unavailable)
rPois    x         Spirit   .   (helmet currently unavailable)
rElec    .         Reflect  +   (cloak currently unavailable)
rCorr    .         Harm     .   (gloves currently unavailable)
MR       .....                  (boots currently unavailable)
Stlth    ++........             j - +6 amulet of reflection
Regen    0.3/turn               V - +6 ring of evasion
MPRegen  0.2/turn               z - ring of protection from fire

@: spider-form
A: high mp 1
a: End Transformation


You were on level 7 of the Dungeon.
You were not hungry.
You were a venomous arachnid creature.
You visited 1 branch of the dungeon, and saw 7 of its levels.
You also visited: Ossuary.

You collected 265 gold pieces.

Inventory:

Missiles
 b - 7 tomahawks (quivered)
 s - 10 arrows
Armour
 m - a +1 shield
 p - a +0 helmet
 B - a +0 robe (melded)
 G - a +0 pair of gloves (melded)
Magical Staves
 C - an uncursed staff of fire
   (You found it on level 7 of the Dungeon)
Jewellery
 j - a +6 amulet of reflection (around neck)
   (You found it on level 2 of the Dungeon)
 z - a ring of protection from fire (right front leg)
   (You found it on level 5 of the Dungeon)
 A - an uncursed ring of teleportation
   (You found it on level 5 of the Dungeon)
 V - a +6 ring of evasion (left front leg)
   (You found it on level 4 of the Dungeon)
Wands
 n - a wand of acid (12/15)
 v - a wand of flame (14/48)
Scrolls
 t - 2 scrolls of teleportation {unknown}
 u - a scroll of amnesia
 x - a scroll of fog
 y - a scroll of fear {unknown}
 D - a scroll of remove curse
Potions
 a - a potion of heal wounds {unknown}
 e - 2 potions of might
 g - a potion of curing {unknown}
 h - a potion of mutation {unknown}
 i - 4 potions of agility {unknown}
 k - 2 potions of flight
 l - 2 potions of ambrosia
 o - a potion of cancellation {unknown}
 q - 3 potions of lignification
 r - a potion of haste {unknown}
 E - a potion of degeneration {unknown}
Books
 c - a book of Changes

   Spells                             Type                      Level
   a - Beastly Appendage              Transmutation                1
   b - Sticks to Snakes               Transmutation                2
   c - Spider Form                    Transmutation/Poison         3
   d - Ice Form                       Ice/Transmutation            4
   e - Blade Hands                    Transmutation                5
Comestibles
 d - 4 bread rations
 f - 3 meat rations
 w - 2 chunks of flesh


   Skills:
 + Level 3.9 Fighting
 + Level 4.5 Dodging
 * Level 7.3 Unarmed Combat
 - Level 3.4 Spellcasting
 - Level 3.2 Transmutations


You had 7 spell levels left.
You knew the following spells:

 Your Spells              Type           Power        Failure   Level  Hunger
e - Beastly Appendage     Tmut           ###...       11%         1    None
k - Sticks to Snakes      Tmut           ###.....     14%         2    ##.....
p - Spider Form           Tmut/Pois      ##........   41%         3    ###....


Dungeon Overview and Level Annotations

Branches:
Dungeon (7/15)
 Temple: D:4-7

Shops:
D:5 :


Innate Abilities, Weirdness & Mutations

You have an increased reservoir of magic. (+10% MP)


Message History

You bite the jelly!
Your front legs burn!
The jelly is almost dead.
Your ball python bites the jelly.
Your ball python is burned by acid!
Your ball python withers and dies!
You block the jelly's attack.
You bite the jelly!
You kill the jelly!
You hit the orc wizard.
The orc wizard is poisoned.
The orc wizard is lightly wounded.
Your ball python closely misses the orc wizard. x2
You closely miss the orc wizard.
The orc wizard is lightly wounded.
The orc wizard gestures at you while chanting.
You easily resist.
Your ball python barely misses the orc wizard.
Your ball python closely misses the orc wizard.
You closely miss the orc wizard.
The orc wizard is moderately wounded.
The orc wizard points at you and mumbles some strange words.
You easily resist.
You hit the orc wizard.
The orc wizard looks as sick as possible!
The orc wizard is heavily wounded.
Your ball python misses the orc wizard.
Your ball python completely misses the orc wizard.
The orc closely misses your ball python.
The orc wizard casts a spell at you. The puff of flame misses you.
Your ball python barely misses the orc wizard.
Your ball python closely misses the orc wizard.
You hit the orc wizard.
You kill the orc wizard!
Your transformation is almost over.
The orc closely misses your ball python.
You barely miss the orc priest.
Your ball python bites the orc priest but does no damage.
Your ball python closely misses the orc priest. x2
Your ball python barely misses the orc priest.
You block the orc priest's attack. The orc misses your ball python.
You bite the orc priest!
The orc priest is heavily wounded.
Your ball python bites the orc priest but does no damage.
Your ball python barely misses the orc priest.
Your ball python misses the orc priest.
Your ball python barely misses the orc priest.
You block the orc priest's attack.
The orc priest calls upon Beogh to heal the orc priest.
The orc priest is healed somewhat.
The orc hits your ball python with a hand axe.
Your ball python misses the orc priest.
Your ball python barely misses the orc priest.
You bite the orc priest!
The orc priest looks as sick as possible!
The orc priest is severely wounded.
Your ball python barely misses the orc.
Your ball python grabs the orc.
Your ball python constricts the orc.
You block the orc priest's attack.
Your ball python barely misses the orc priest. x2
Your ball python bites the orc.
Your ball python constricts the orc.
You bite the orc priest!
You kill the orc priest!
The orc hits your ball python with a hand axe.
Your ball python dies!
The orc priest closely misses your ball python.
An orc priest comes into view. It is wielding a dagger.
The orc barely misses your ball python. The orc misses you.
Your ball python closely misses the orc. x2
The orc priest invokes the aid of Beogh against you.
Beogh smites you!
You bite the orc!
You kill the orc!
The orc priest completely misses you.
The orc priest hits your ball python with a hand axe.
Your ball python dies!
The orc priest calls down the wrath of Beogh upon you.
Beogh smites you!
* * * LOW HITPOINT WARNING * * *
Things that are here:
a hand axe; an orc corpse You hit the orc priest but do no damage.
The orc priest is poisoned.
The orc priest hits you with a hand axe.
* * * LOW HITPOINT WARNING * * *
You barely miss the orc priest.
Your transformation has ended.
Your +0 pair of gloves unmelds from your body.
Your +0 robe unmelds from your body.
The orc priest hits you with a hand axe.
* * * LOW HITPOINT WARNING * * *
Some of the chunks of flesh in your inventory have rotted away.
Casting: Spider Form
Confirm with . or Enter, or press ? or * to list all spells.
You turn into a venomous arachnid creature.
Your +0 pair of gloves melds into your body.
Your +0 robe melds into your body.
The orc priest calls down the wrath of Beogh upon you.
Beogh smites you!
* * * LOW HITPOINT WARNING * * *
The orc priest calls down the wrath of Beogh upon you.
Beogh smites you!
You die...

#.# #.# #.#
.>. #.# #####
#o#
########...###
######o#
#......'......
#....)s#
#.######...###
#......#
#.#...........
#......#
#.#.####......
#......###.#
#......
#.......##.#
##......
#.......##.#
#.......
#.......##.#
#.....#.
#.......##.#
+.......
#.......##.#
#.....#.


You could see 2 orc priests.

Vanquished Creatures
  Menkaure (Ossuary)
  An ice beast (D:6)
  An ogre (D:5)
  An elf zombie (D:5)
  A gnoll sergeant (D:5)
  An elf skeleton (D:5)
  2 howler monkeys (D:5)
  A crimson imp (D:5)
  5 centaur zombies (Ossuary)
  A human zombie (D:5)
  2 hounds
  2 orc priests
  A jelly (D:7)
  4 orc wizards
  2 iguanas
  Ijyb (D:4)
  A human skeleton (D:5)
  5 worker ants
  6 mummies (Ossuary)
  4 adders
  5 gnolls (D:5)
  4 shadow imps
  An ooze (D:2)
  An adder zombie (Ossuary)
  2 worms
  4 leopard geckos
  6 orcs
  4 giant cockroaches
  4 goblins
  4 hobgoblins
  5 jackals
  2 quokkas
  5 bats
  5 frilled lizards
  4 goblin zombies (Ossuary)
  2 hobgoblin zombies (Ossuary)
  A kobold (D:1)
  4 kobold zombies (Ossuary)
  7 quokka zombies (Ossuary)
  4 rats
  6 rat zombies (Ossuary)
123 creatures vanquished.

Vanquished Creatures (collateral kills)
  An elf skeleton (D:5)
  A human skeleton (D:5)
  An adder (D:2)
  A goblin (D:1)
  A quokka (D:5)
  A quokka zombie (Ossuary)
6 creatures vanquished.

Grand Total: 129 creatures vanquished

Notes
Turn   | Place    | Note
-------+----------+-------------------------------------------
     0 | D:1      | tidbits the Demigod Transmuter began the quest for the Orb.
     0 | D:1      | Reached XP level 1. HP: 15/15 MP: 5/5
    54 | D:1      | Reached skill level 3 in Unarmed Combat
   211 | D:1      | Reached XP level 2. HP: 18/22 MP: 4/7
   215 | D:1      | Learned a level 2 spell: Sticks to Snakes
   598 | D:2      | Reached skill level 4 in Unarmed Combat
   598 | D:2      | Reached XP level 3. HP: 10/27 MP: 4/8
   891 | D:2      | Reached skill level 2 in Spellcasting
   896 | D:2      | Learned a level 3 spell: Spider Form
   948 | D:3      | Reached XP level 4. HP: 34/34 MP: 3/10
   964 | D:3      | Reached skill level 3 in Spellcasting
  1114 | D:3      | Reached skill level 2 in Transmutations
  1114 | D:3      | Reached XP level 5. HP: 28/39 MP: 7/13
  1161 | D:3      | Found a hazy altar of Hepliaklqana.
  1162 | D:3      | Found a deep blue altar of Sif Muna.
  1285 | D:5      | Entered Level 5 of the Dungeon
  1333 | D:5      | Reached skill level 3 in Transmutations
  1333 | D:5      | Reached XP level 6. HP: 21/46 MP: 9/14
  1395 | D:5      | Reached skill level 1 in Fighting
  1404 | D:5      | Found a sand-covered staircase.
  1442 | D:5      | Reached skill level 2 in Dodging
  1442 | D:5      | Reached skill level 5 in Unarmed Combat
  1523 | Ossuary  | Entered an ossuary
  1832 | Ossuary  | Reached XP level 7. HP: 40/53 MP: 10/15
  1885 | Ossuary  | Noticed Menkaure
  1894 | Ossuary  | Killed Menkaure
  1894 | Ossuary  | Reached skill level 2 in Fighting
  1894 | Ossuary  | Reached skill level 6 in Unarmed Combat
  1896 | Ossuary  | Reached skill level 3 in Dodging
  2056 | D:4      | Found a sparkling altar of Nemelex Xobeh.
  2105 | D:4      | Noticed Ijyb
  2112 | D:4      | Killed Ijyb
  2234 | D:5      | Found Udoidef's Book Emporium.
  2255 | D:5      | Found a shattered altar of Ashenzari.
  2338 | D:5      | Reached skill level 3 in Fighting
  2421 | D:5      | Found an ancient bone altar of Kikubaaqudgha.
  2515 | D:5      | Reached skill level 4 in Dodging
  2515 | D:5      | Reached XP level 8. HP: 60/63 MP: 12/16
  2688 | D:6      | Reached skill level 7 in Unarmed Combat
  2908 | D:7      | HP: 3/66 [orc priest/divine providence (16)]
  2908 | D:7      | Killed from afar by an orc priest

Skill      XL: |  1  2  3  4  5  6  7  8 |
---------------+-------------------------+-----
Unarmed Combat | 3 4 5 6 7 |  7.3
Spellcasting   | 2 3 |  3.4
Transmutations | 2 3 |  3.2
Fighting       | 1 3 |  3.9
Dodging        | 2 4 |  4.5

Action                   |  1- 3 |  4- 6 |  7- 9 || total
-------------------------+-------+-------+-------++-------
Melee: Unarmed           |    75 |   183 |   153 ||   411
       Kick              |    13 |     7 |       ||    20
       Headbutt          |     2 |       |       ||     2
       Punch             |     1 |     1 |       ||     2
 Cast: Beastly Appendage |    21 |     4 |       ||    25
       Sticks to Snakes  |     6 |     6 |     3 ||    15
       Spider Form       |     1 |    20 |    25 ||    46
  Use: Potion            |     2 |       |     1 ||     3
       Scroll            |     3 |     2 |     6 ||    11
 Stab: Sleeping          |     3 |     6 |       ||     9
       Distracted        |       |     1 |       ||     1
  Eat: Chunk             |     1 |     3 |     2 ||     6
       Royal jelly       |       |     1 |       ||     1
       Bread ration      |       |       |     1 ||     1
Armor: Robe              |     5 |     6 |     1 ||    12
       Skin              |       |     8 |     4 ||    12
Dodge: Dodged            |    49 |    66 |    74 ||   189
Block: Other             |     3 |    33 |    41 ||    77

Table legend:
 A = Turns spent in this place as a percentage of turns spent in the entire game.
 B = Non-inter-level travel turns spent in this place as a percentage of non-inter-level travel turns spent in the entire game.
 C = Inter-level travel turns spent in this place as a percentage of turns spent in this place.
 D = Turns resting spent in this place as a percentage of non-inter-level travel turns spent in this place.
 E = Turns spent auto-exploring this place as a percentage of non-inter-level travel turns spent in this place.
 F = Non-inter-level travel turns spent in this place divided by the number of levels of this place that you've seen.
                   A       B       C       D       E      F
               +-------+-------+-------+-------+-------+----------------------
         Total | 100.0 | 100.0 |   0.1 |   0.0 |   0.0 | 347.1
       Dungeon |  84.4 |  84.4 |   0.1 |   0.0 |   0.0 | 334.7
       Ossuary |  15.6 |  15.6 |   0.0 |   0.0 |   0.0 | 434.0
               +-------+-------+-------+-------+-------+----------------------

Table legend:
 A = Kills in this place as a percentage of kills in entire the game.
 B = Kills by you in this place as a percentage of kills by you in the entire game.
 C = Kills by friends in this place as a percentage of kills by friends in the entire game.
 D = Other kills in this place as a percentage of other kills in the entire game.
 E = Experience gained in this place as a percentage of experience gained in the entire game.
 F = Experience gained in this place divided by the number of levels of this place that you have seen.
                   A       B       C       D       E      F
               +-------+-------+-------+-------+-------+----------------------
         Total | 100.0 | 100.0 | 100.0 |  -nan | 100.0 | 284.1
       Dungeon |  71.3 |  70.7 |  83.3 |  -nan |  76.2 | 247.4
       Ossuary |  28.7 |  29.3 |  16.7 |  -nan |  23.8 | 541.0
               +-------+-------+-------+-------+-------+----------------------

Vault maps used:
D:1:      sevenhm_arrival_forest_fort_small_5
D:2:      lemuel_round_altar, minmay_tromino_v7
D:3:      gammafunk_temple_overflow_pools, first_bread
D:4:      nemelex_xobeh_ov_fountains_minmay, minmay_temple_entry_overgrown,
          uniq_ijyb
D:5:      minitemple, nicolae_ossuary_entry_catacombs, serial_shops, shop
D:6:      tgw_trog, kennysheep_cross_room, uniq_edmund
Ossuary:  ossuary_boxes_badplayer
